 Seeded DCSS version 0.29-a0-1019-g84f7d21838 (webtiles) character file.

Game seed: 20220811 (custom seed)

39395 purpskrrrp the Basher (level 13, -1/103 HPs)
             Began as a Demonspawn Fighter on Aug 11, 2022.
             Was an Initiate of Gozag.
             Slain by Rupert
             ... wielding a +2 great sword of holy wrath
              (30 damage)
             ... on level 4 of the Lair of Beasts.
             The game lasted 01:46:50 (22396 turns).

purpskrrrp the Basher (Demonspawn Fighter)         Turns: 22396, Time: 01:46:59

Health: -1/103     AC: 24    Str: 22    XL:     13   Next: 69%
Magic:  0/13       EV:  8    Int: 13    God:    Gozag
Gold:   2340       SH: 11    Dex: 15    Spells: 12/12 levels left

rFire   . . .      SeeInvis +   x - +9 morningstar (flame)
rCold   . . .      Faith    .   K - +0 kite shield
rNeg    . . .      Spirit   +   i - +1 storm dragon scales
rPois   .          Reflect  .   b - +2 hat
rElec   +          Harm     .   I - scarf {repulsion}
rCorr   +          Rampage  +   f - +0 pair of gloves "Herod" {Contam Int+4 Dex+2 SInv}
Will    .....                   j - +0 pair of boots {rampage}
Stlth   ..........              J - amulet of guardian spirit
HPRegen 0.27/turn               g - ring of resist corrosion
MPRegen 0.13/turn               (no ring)

@: studying Throwing, repel missiles
A: thin metallic scales 2, demonic guardian 2, foul stench 2
a: Renounce Religion, Potion Petition, Call Merchant, Bribe Branch


You were on level 4 of the Lair of Beasts.
You worshipped Gozag.
Gozag was most pleased with you.
You visited 3 branches of the dungeon, and saw 15 of its levels.
You also visited: Ossuary.

You collected 3675 gold pieces.
You spent 510 gold pieces at shops.
You paid 825 gold pieces to Gozag.

Inventory:

Hand Weapons
 h - a +2 great mace of draining
 m - the +1 morningstar of Nina {vorpal, rC+ Dex+2}
   (You found it on level 8 of the Dungeon)

   It inflicts extra damage upon your enemies.
   Dex:       It affects your dexterity (+2).
   rC:        It protects you from cold.
 p - a +3 great mace of protection
 x - a +9 morningstar of flaming (weapon)
 G - a +1 demon whip of venom
Missiles
 r - 6 silver boomerangs (quivered)
 t - 12 boomerangs
 E - 8 poisoned darts
Armour
 b - a +2 hat (worn)
 e - a +1 helmet
 f - the +0 pair of gloves "Herod" (worn) {Contam Int+4 Dex+2 SInv}
   (You bought it in a shop on level 7 of the Dungeon)

   Int:       It affects your intelligence (+4).
   Dex:       It affects your dexterity (+2).
   SInv:      It lets you see invisible.
   Contam:    It causes magical contamination when unequipped.
 i - +1 storm dragon scales (worn)
 j - a +0 pair of boots of rampaging (worn)
 q - a scarf of invisibility
 H - a +2 pair of gloves of dexterity
 I - a scarf of repulsion (worn)
 K - a +0 kite shield (worn)
Jewellery
 c - an amulet of magic regeneration
 g - a ring of resist corrosion (left hand)
 J - an amulet of guardian spirit (around neck)
 O - an amulet of the acrobat
Wands
 k - a wand of mindburst (2)
 o - a wand of flame (69)
 y - a wand of paralysis (14)
 L - a wand of light (5)
 M - a wand of roots (12)
Scrolls
 a - a scroll of fear
 l - 5 scrolls of teleportation
 s - a scroll of amnesia
 C - 2 scrolls of noise
Potions
 d - 3 potions of brilliance
 n - 3 potions of attraction
 v - 2 potions of mutation {unknown}
 w - a potion of lignification {unknown}
 z - 3 potions of flight
 A - a potion of ambrosia {unknown}
 B - 2 potions of berserk rage {unknown}
 D - 2 potions of curing
 N - a potion of invisibility {unknown}
Miscellaneous
 F - a piece from Xom's chessboard (15/15)


   Skills:
 + Level 10.2 Fighting
 * Level 14.4 Maces & Flails
 - Level 1.3 Throwing
 + Level 11.5 Armour
 - Level 2.1 Dodging
 - Level 0.8 Stealth
 + Level 9.2 Shields


You had 12 spell levels left.
You didn't know any spells.
Your spell library contained the following spells:

 Spells                   Type           Power      Damage    Failure   Level
 Frozen Ramparts          Ice            0%         1d1       100%        3
 Gell's Gravitas          Tloc           0%         N/A       100%        3
 Teleport Other           Tloc           0%         N/A       100%        3
 Airstrike                Air            0%         2d(0-16)  100%        4
 Ice Form                 Ice/Tmut       0%         N/A       100%        4
 Summon Ice Beast         Ice/Summ       0%         N/A       100%        4
 Summon Lightning Spire   Summ/Air       0%         N/A       100%        4
 Lightning Bolt           Conj/Air       0%         1d11      100%        5
 Dispersal                Tloc           0%         N/A       100%        6


Dungeon Overview and Level Annotations

Branches:
Dungeon (10/15)            Temple (1/1) D:7            Lair (4/5) D:10
  Swamp (0/4) Lair:2       Spider (0/4) Lair:3        Slime (0/5) Lair:4
    Orc (0/2) D:9         Ossuary (visited)

Altars:
Ashenzari
Cheibriados
Dithmenos
Fedhas
Gozag
Hepliaklqana
Kikubaaqudgha
Makhleb
Nemelex Xobeh
Okawaru
Qazlal
Ru
Sif Muna
Trog
Uskayaw
Vehumet
Wu Jian
Xom
Yredelemnul

Shops:
D:7 [

Annotations:
D:10 3 runed translucent doors, zhov's ghost, journeyman DsFi
Lair:3 2 transporters
Lair:4 Rupert


Innate Abilities, Weirdness & Mutations

You are mostly covered in thin metallic scales. (AC +3)
A demonic guardian rushes to your aid.
You sometimes emit foul miasma when damaged in melee.


Message History

The cane toad gives a loud, deep croak!
You rampage towards the cane toad!
You hit the cane toad. You burn the cane toad.
The cane toad is moderately wounded.
The cane toad barely misses you.
You bludgeon the cane toad!! You burn the cane toad.
The cane toad is almost dead.
The cane toad barely misses you.
You bludgeon the cane toad!! You burn the cane toad.
You kill the cane toad!
You now have 2308 gold pieces (gained 7).
You now have 2328 gold pieces (gained 20).
You now have 2340 gold pieces (gained 12).
There is a stone staircase leading up here.
You see here the +1 chain mail of Emoumawavu {Drain Dex+6}.
Found a ring mail.
Rupert the Wild comes into view.
He is wielding a +2 great sword of holy wrath.
Rupert shouts!
Okay, then.
Okay, then.
You rampage towards Rupert!
Found an escape hatch in the ceiling.
As you read the scroll of fog, it crumbles to dust.
The scroll dissolves into smoke.
Rupert roars madly and goes into a rage!
Rupert goes berserk!
You rampage towards Rupert!
You hit Rupert. You burn Rupert.
Rupert is lightly wounded.
You block Rupert's attack.
You puncture Rupert! You burn Rupert.
Rupert is lightly wounded.
Rupert barely misses you.
You impale Rupert!! You burn Rupert!
Rupert is moderately wounded.
Rupert hits you with a +2 great sword of holy wrath!!
You convulse!!
Rupert hits you with a +2 great sword of holy wrath!!
* * * LOW HITPOINT WARNING * * *
You convulse!!
You die...
Your body crumbles into a pile of gold.

#########.#.#.######
##...#.##.#...###..#.
##....................
#.....................
##............[.......
#.§§§§§......P.......
#.§§§§§.##.#P#......P
#.§§§§#########.....P
#.§§@## #....## #.§§@#
#....## #....# ....#.
#P..... ....#. #......
....[. ##...... ......
#..<... ......
........ ...... #.#..


You could see Rupert (berserk).

Vanquished Creatures
  Gastronok (D:10)
  2 hydras (Lair:3)
  An ice dragon (Lair:1)
  4 two-headed ogres
  A centaur warrior (D:9)
  A death knight (D:9)
  Erica (D:8)
  A catoblepas (Lair:2)
  6 death yaks (Lair:1)
  Amaemon (D:9)
  A skeletal warrior (D:9)
  An orange demon (D:9)
  10 elephants
  2 black mambas (Lair:1)
  4 cane toads
  Maggie (D:8)
  2 rime drakes (Lair:3)
  2 komodo dragons
  A hornet (D:10)
  A tarantella (Lair:3)
  8 blink frogs
  4 shadows
  51 yaks
  Sigmund (D:2)
  6 wyverns
  Grum (D:8)
  A basilisk (Lair:3)
  A steam dragon (D:8)
  A swamp worm (Lair:2)
  An acid dragon (D:9)
  A sky beast (D:8)
  15 water moccasins
  4 black bears
  4 orc warriors
  An ogre (D:4)
  15 wolves
  2 centaurs
  2 phantoms
  A kobold brigand (D:7)
  2 elf zombies (Ossuary)
  15 bullfrogs
  2 necrophages
  2 gnoll sergeants
  A scorpion (D:4)
  5 wights
  10 killer bees
  4 howler monkeys (D:7)
  2 orc priests
  A hound (D:6)
  A gnoll bouda (D:4)
  A human zombie (Ossuary)
  A jelly (D:8)
  Jessica (D:2)
  An iguana (D:5)
  Natasha (thrice) (D:2)
  9 orc wizards
  10 hell rats
  2 mummies (Ossuary)
  7 gnolls
  9 adders
  A shadow imp (D:8)
  A white imp (D:6)
  3 adder zombies (Ossuary)
  2 worms (D:2)
  2 dart slugs (D:1)
  31 orcs
  4 ball pythons
  5 endoplasms
  4 giant cockroaches (D:1)
  6 goblins
  7 hobgoblins
  4 jackals (D:4)
  3 kobolds
  3 quokkas
  4 bats
  2 frilled lizards
  2 goblin zombies (Ossuary)
  8 hobgoblin zombies (Ossuary)
  A jackal zombie (Ossuary)
  13 kobold zombies (Ossuary)
  6 orc zombies (Ossuary)
  4 rats
  A rat zombie (Ossuary)
370 creatures vanquished.

Vanquished Creatures (collateral kills)
  A two-headed ogre (D:10)
  A deep elf pyromancer (D:9)
  A hornet (D:10)
  A yak (Lair:3)
  Menkaure (D:4)
  An ogre (D:6)
  A phantom (D:6)
  A centaur (D:9)
  A wight (D:9)
  A howler monkey (D:4)
  3 orc priests
  A hell rat (Lair:3)
  3 gnolls (D:4)
  An adder (D:4)
  An orc (D:4)
  A ball python (D:4)
20 creatures vanquished.

Vanquished Creatures (others)
  45 fungi
  47 plants
92 creatures vanquished.

Grand Total: 482 creatures vanquished

Notes
Turn   | Place    | Note
-------+----------+-------------------------------------------
     0 | D:1      | purpskrrrp the Demonspawn Fighter began the quest for the
                  | Orb.
     0 | D:1      | Reached XP level 1. HP: 18/18 MP: 1/1
   161 | D:1      | Reached skill level 2 in Maces & Flails
   161 | D:1      | Gained mutation: You are partially covered in thin metallic
                  | scales. (AC +2) [demonic ancestry]
   161 | D:1      | Reached XP level 2. HP: 24/24 MP: 2/2
   832 | D:2      | Noticed Jessica
   838 | D:2      | Reached XP level 3. HP: 29/29 MP: 3/3
   845 | D:2      | Killed Jessica
   846 | D:2      | Reached skill level 3 in Maces & Flails
  1088 | D:2      | Noticed Natasha
  1100 | D:2      | Killed Natasha
  1101 | D:2      | Reached XP level 4. HP: 14/35 MP: 4/4
  1227 | D:2      | Noticed Natasha
  1234 | D:2      | Killed Natasha
  1403 | D:2      | Noticed Natasha
  1418 | D:2      | Killed Natasha
  1419 | D:2      | Reached skill level 4 in Maces & Flails
  1419 | D:2      | Reached XP level 5. HP: 6/41 MP: 5/5
  1769 | D:2      | Noticed Sigmund
  2047 | D:2      | Killed Sigmund
  2048 | D:2      | Gained mutation: A weak demonic guardian rushes to your
                  | aid. [demonic ancestry]
  2048 | D:2      | Reached XP level 6. HP: 38/47 MP: 6/6
  2501 | D:3      | Reached skill level 5 in Maces & Flails
  2770 | D:3      | Found a faded altar of an unknown god.
  3121 | D:4      | You fall into a shaft and drop 3 floors!
  3486 | D:7      | Found a staircase to the Ecumenical Temple.
  3499 | Temple   | Entered the Ecumenical Temple
  3786 | Temple   | Became a worshipper of Gozag Ym Sagoz the Greedy
  3885 | D:7      | Noticed a water moccasin
  3912 | D:7      | Killed a water moccasin
  3913 | D:7      | Reached XP level 7. HP: 47/52 MP: 7/7
  4257 | D:5      | Entered Level 5 of the Dungeon
  4275 | D:5      | Reached skill level 5 in Armour
  4309 | D:5      | Found a sand-covered staircase.
  4319 | Ossuary  | Entered an ossuary
  4547 | Ossuary  | Reached skill level 6 in Maces & Flails
  4843 | D:4      | Gained mutation: A demonic guardian rushes to your aid.
                  | [demonic ancestry]
  4843 | D:4      | Reached XP level 8. HP: 55/59 MP: 8/8
  5046 | D:4      | Paralysed by an orc for 5 turns
  5270 | D:4      | Reached skill level 7 in Maces & Flails
  5379 | D:4      | Noticed Menkaure
  5385 | D:4      | Killed Menkaure
  6290 | D:4      | Reached skill level 1 in Dodging
  7261 | D:6      | Reached skill level 8 in Maces & Flails
  7261 | D:6      | Gained mutation: You may rarely emit foul miasma when
                  | damaged in melee. [demonic ancestry]
  7261 | D:6      | Reached XP level 9. HP: 62/66 MP: 9/9
  8136 | D:6      | Found an iron altar of Okawaru.
  8655 | D:7      | Reached skill level 5 in Fighting
  9086 | D:7      | Found a stormy altar of Qazlal.
  9677 | D:8      | Noticed a two-headed ogre
  9765 | D:8      | Noticed Grum
  9793 | D:8      | Killed Grum
 10105 | D:8      | Found a radiant altar of Vehumet.
 10328 | D:8      | Reached skill level 9 in Maces & Flails
 10346 | D:8      | Found a shimmering blue altar of Sif Muna.
 10358 | D:8      | Reached skill level 1 in Throwing
 10363 | D:8      | Identified the +1 morningstar of Nina {vorpal, rC+ Dex+2}
 10381 | D:8      | Identified the +1 war axe "Macaple" {holy, rN+ Str-2 Int+5
                  | Dex+3}
 10456 | D:8      | Killed a two-headed ogre
 10457 | D:8      | Gained mutation: You are mostly covered in thin metallic
                  | scales. (AC +3) [demonic ancestry]
 10457 | D:8      | Reached XP level 10. HP: 29/74 MP: 10/10
 10832 | D:8      | Noticed Maggie
 10840 | D:8      | Killed Maggie
 11290 | D:7      | Bought a pair of ancient gloves for 285 gold pieces
 11290 | D:7      | Identified the +0 pair of gloves "Herod" {Contam Int+4
                  | Dex+2 SInv} (You bought it in a shop on level 7 of the
                  | Dungeon)
 11509 | D:8      | Found a sacrificial altar of Ru.
 11749 | D:8      | Noticed Erica
 11760 | D:8      | Killed Erica
 11910 | D:9      | Reached skill level 10 in Maces & Flails
 11910 | D:9      | Reached skill level 5 in Shields
 12068 | D:9      | Found a broken altar of Ashenzari.
 12111 | D:9      | Found a staircase to the Orcish Mines.
 12302 | D:9      | Found an ornate altar of the Wu Jian Council.
 12527 | D:9      | Reached XP level 11. HP: 64/83 MP: 11/11
 12549 | D:9      | Noticed a deep elf pyromancer
 12918 | D:9      | Killed a deep elf pyromancer
 12966 | D:9      | Noticed Amaemon
 13247 | D:9      | Noticed a death knight
 13461 | D:7      | Bought a pair of runed boots for 225 gold pieces
 13677 | D:9      | Noticed a skeletal warrior
 13705 | D:9      | Killed a skeletal warrior
 13706 | D:9      | Reached skill level 11 in Maces & Flails
 14190 | D:9      | Killed a death knight
 14561 | D:9      | Noticed a two-headed ogre
 14571 | D:9      | Killed a two-headed ogre
 14596 | D:9      | Noticed a centaur warrior
 14611 | D:9      | Killed a centaur warrior
 14875 | D:9      | Identified the +5 falchion "Yrghar" {flame, rC+ Dex+6}
 15109 | D:9      | Killed Amaemon
 15229 | D:10     | Entered Level 10 of the Dungeon
 15229 | D:10     | Noticed a 12-headed hydra
 15230 | D:10     | Noticed zhov's ghost (journeyman DsFi)
 15231 | D:10     | Found a runed translucent gate.
 15231 | D:10     | Found a runed translucent gate.
 15231 | D:10     | Noticed an 11-headed hydra
 15232 | D:10     | Found a runed translucent gate.
 15267 | D:10     | Noticed a two-headed ogre
 15288 | D:10     | Noticed a two-headed ogre
 15306 | D:10     | Noticed a two-headed ogre
 15317 | D:10     | Killed a two-headed ogre
 15569 | D:10     | Found a staircase to the Lair.
 15612 | D:10     | Killed a two-headed ogre
 15613 | D:10     | Reached skill level 12 in Maces & Flails
 15620 | D:10     | Reached skill level 10 in Armour
 15802 | D:10     | Reached XP level 12. HP: 72/92 MP: 12/12
 15914 | D:10     | Noticed Gastronok
 15923 | D:10     | Killed Gastronok
 16025 | D:10     | Killed a two-headed ogre
 16704 | Lair:1   | Entered Level 1 of the Lair of Beasts
 17489 | Lair:1   | Noticed a death yak
 17489 | Lair:1   | Noticed a death yak
 17489 | Lair:1   | Noticed a death yak
 17489 | Lair:1   | Noticed a death yak
 17530 | Lair:1   | Killed a death yak
 17546 | Lair:1   | Killed a death yak
 17553 | Lair:1   | Killed a death yak
 17757 | Lair:1   | Noticed a death yak
 17758 | Lair:1   | Noticed a death yak
 17785 | Lair:1   | Killed a death yak
 17796 | Lair:1   | Killed a death yak
 17797 | Lair:1   | Reached skill level 13 in Maces & Flails
 17807 | Lair:1   | Killed a death yak
 18252 | Lair:1   | Noticed an ice dragon
 18283 | Lair:1   | Killed an ice dragon
 18642 | Lair:1   | Identified the +1 chain mail "Wuhoith" {Contam rN+ Int+3
                  | Slay+2}
 19233 | Lair:2   | Noticed a catoblepas
 19248 | Lair:2   | Killed a catoblepas
 19249 | Lair:2   | Gained mutation: You sometimes emit foul miasma when
                  | damaged in melee. [demonic ancestry]
 19249 | Lair:2   | Reached XP level 13. HP: 98/101 MP: 13/13
 19331 | Lair:2   | Found a staircase to the Swamp.
 19786 | Lair:3   | Found a hole to the Spider Nest.
 20215 | Lair:3   | Found a transporter.
 20413 | Lair:3   | Found a transporter.
 20842 | Lair:3   | Reached skill level 14 in Maces & Flails
 21222 | Lair:3   | Reached skill level 10 in Fighting
 21331 | Lair:3   | Identified the +3 spear of Focus {antimagic, Will+ Int+3
                  | Dex+3}
 21452 | Lair:3   | Identified the +2 scale mail of a sewer {rCorr}
 22124 | Lair:4   | Found a staircase to the Slime Pits.
 22364 | Lair:4   | Identified the +1 chain mail of Emoumawavu {Drain Dex+6}
 22390 | Lair:4   | Noticed Rupert
 22396 | Lair:4   | Slain by Rupert

Illustrated notes

Levels and vault maps discovered:
D:1:      dpeg_arrival_shelter, layout_loops_ring, serial_bayou,
          serial_bayou_pond_e, serial_bayou_lake_a, serial_bayou_shore_b,
          serial_bayou_pond_e, minmay_fountain_box
D:2:      layout_rooms, minmay_circle_x, uniq_natasha, uniq_jessica,
          uniq_sigmund
D:3:      layout_basic, ebering_ecumenical_altar_rust
D:4:      layout_rooms, uniq_menkaure
D:5:      layout_cave_pools, zin_academy, nicolae_ossuary_entry_ruins,
          due_unseen_surprise
D:6:      layout_loops_ring, okawaru_gym_becter
D:7:      layout_basic, mainiacjoe_overflow_concentric_impassable,
          minmay_temple_entry_statues, serial_glass, glass_columns_a,
          glass_columns_b, abandoned_shop, serial_bayou_ford_a,
          minmay_microvault
D:8:      layout_basic, nicolae_ru_sacrificial_ziggurat,
          mainiacjoe_overflow_large_starburst, uniq_erica, uniq_maggie,
          uniq_grum
D:9:      layout_rooms, lemuel_doored_altar, mainiacjoe_overflow_alcove_2,
          orc_0_dummy, minmay_pinched_square, uniq_amaemon
D:10:     layout_loops_ring, due_lair_maze_entry_diamond,
          gammafunk_ghost_hydra_chop, minmay_misc_feat_encased, uniq_gastronok
Temple:   dpeg_chambers_temple
Lair:1:   dragon1_lemuel, layout_cave_pods
Lair:2:   layout_cave_shapes, minmay_swamp_entry_worms
Lair:3:   gammafunk_worm_tunnel, layout_cave_pods, spider_nest_entry_rubble,
          grunt_megastairs_3
Lair:4:   layout_long_grid, slime_entry_1, uniq_rupert

Skill      XL: |  1  2  3  4  5  6  7  8  9 10 11 12 13 |
---------------+----------------------------------------+-----
Maces & Flails | 2 3 4 5 6 8 9 10 12 13 14 | 14.4
Armour         | 3 4 5 6 8 9 10 11 | 11.5
Shields        | 3 4 5 7 8 9 |  9.2
Fighting       | 4 5 6 8 9 10 | 10.2
Dodging        | 1 2 |  2.1
Throwing       | 1 |  1.3
Stealth        | |  0.8

Action                   |  1- 3 |  4- 6 |  7- 9 | 10-12 | 13-15 || total
-------------------------+-------+-------+-------+-------+-------++-------
Melee: Flail             |    92 |   179 |   406 |       |       ||   677
       Morningstar       |       |       |   185 |   500 |   249 ||   934
Throw: Boomerang         |       |       |    13 |    12 |       ||    25
       Dart              |       |       |     1 |       |       ||     1
       Throwing net      |       |       |     1 |       |       ||     1
Invok: Call Merchant     |       |       |     1 |       |       ||     1
Evoke: Wand              |       |       |       |     1 |       ||     1
  Use: Scroll            |       |       |    14 |    16 |     3 ||    33
       Potion            |       |       |     8 |     6 |       ||    14
 Stab: Distracted        |       |       |     2 |     5 |     2 ||     9
       Petrified         |       |       |       |     2 |     1 ||     3
Armor: Scale mail        |     7 |       |       |       |       ||     7
       Storm dragon scal |    56 |   146 |   393 |   207 |   121 ||   923
Dodge: Dodged            |    28 |    48 |   202 |   113 |    64 ||   455
       Repelled          |       |       |       |     1 |     3 ||     4
Block: Buckler           |    26 |    36 |   137 |    23 |       ||   222
       Kite shield       |       |       |       |   155 |   117 ||   272

Table legend: (Time is in decaauts)
 A = Elapsed time spent in this place.
 B = Non-inter-level travel time spent in this place.
 C = Inter-level travel time spent in this place.
 D = Time resting spent in this place.
 E = Time spent auto-exploring this place.
 F = Levels seen in this place.
 G = Mean time per level.
                   A        B        C        D        E       F      G
               +--------+--------+--------+--------+--------+-----+--------+
         Total |  22563 |  19775 |   2788 |   7211 |   8200 |  16 | 1410.2 |
       Dungeon |  16077 |  13923 |   2154 |   5700 |   5249 |  10 | 1607.7 |
        Temple |    305 |    305 |      0 |      0 |    232 |   1 |  305.0 |
          Lair |   5677 |   5044 |    633 |   1405 |   2675 |   4 | 1419.2 |
       Ossuary |    502 |    502 |      0 |    106 |     44 |   1 |  502.0 |
               +--------+--------+--------+--------+--------+-----+--------+

Top non-repeatable levels by time:
     D:8: 2875 daAuts
     D:9: 2623 daAuts
  Lair:1: 2114 daAuts
  Lair:3: 2042 daAuts
     D:7: 1810 daAuts
     D:4: 1592 daAuts
     D:6: 1512 daAuts
    D:10: 1279 daAuts
     D:2: 1227 daAuts
     D:5: 1087 daAuts
     D:1: 1067 daAuts
     D:3: 1002 daAuts
  Lair:2: 955 daAuts
  Lair:4: 565 daAuts
 Ossuary: 502 daAuts
